WCHLSIM.com - West Coast Hockey League
html PUBLIC "-//W3C//DTD XHTML 1.0 Transitional//EN" "http://www.w3.org/TR/xhtml1/DTD/xhtml1-transitional.dtd"> WCHL - Game 660 - SAN FRANCISCO SPIDERS vs BOISE CARIBOUS

SAN FRANCISCO SPIDERS vs BOISE CARIBOUS

Created - 19 février 2021 at 21:27

Goals
1 2 3 T
SAN FRANCISCO SPIDERS 0 1 0 1
BOISE CARIBOUS 2 0 1 3
Shots
1 2 3 T
SAN FRANCISCO SPIDERS 10 13 2 25
BOISE CARIBOUS 15 16 8 39

1st period

1. BOISE CARIBOUS , Andre Burakovsky 12 (John Klingberg 10, Tom Wilson 18) at 13:23 (PP)
2. BOISE CARIBOUS , Jordan Weal 2 (Carl Soderberg 15) at 17:45

Penalties :
Lawson Crouse (BOI) for Hooking (Minor) at 7:32, Alexander Kerfoot (SAF) for Tripping (Minor) at 13:06, Eric Robinson (SAF) for Hooking (Minor) at 15:13

2nd period

3. SAN FRANCISCO SPIDERS , Alexander Kerfoot 6 (Erik Haula 14, Nate Schmidt 17) at 14:41

Penalties :
Tom Wilson (BOI) for Charging (Minor) at 3:03, Nate Schmidt (SAF) for Tripping (Minor) at 6:31

3rd period

4. BOISE CARIBOUS , Jordan Weal 3 (Carl Soderberg 16, John Klingberg 11) at 13:58

Penalties :
Dominik Kubalik (BOI) for Goalie Interference (Minor) at 7:16

Goalie Stats

Collin Delia (SAF), 36 saves from 39 shots - (0,923), L, 0-6-1, 60:00 minutes
Alexandar Georgiev (BOI), 24 saves from 25 shots - (0,960), W, 9-11-1, 60:00 minutes

Players Stats for SAN FRANCISCO SPIDERS

Player Name              G  A  P  +/- PIM S  H  SB GA TA FO     MP     PP MP  PK MP  
------------------------------------------------------------------------------------
Alex Chiasson            0  0  0   1  0   0  0  0  0  0  0/0     9:56   0:00   0:00 
Alexander Kerfoot        1  0  1   1  2   3  0  0  0  0  1/2     9:55   0:00   0:00 
Andrei Svechnikov        0  0  0  -1  0   1  3  0  0  0  3/4    20:19   2:59   2:22 
Calle Jarnkrok           0  0  0   0  0   3  0  0  0  0  7/12   10:25   0:00   0:17 
Danton Heinen            0  0  0  -1  0   1  0  0  0  0  5/22   20:19   2:59   2:22 
Darnell Nurse            0  0  0   0  0   3  2  1  0  0  0/0    21:24   2:16   2:07 
Dominik Kahun            0  0  0   0  0   2  0  0  0  0  0/0    10:08   0:00   0:00 
Dominik Simon            0  0  0   0  0   1  2  0  0  0  0/1    10:08   0:00   0:00 
Eric Robinson            0  0  0  -1  2   0  4  0  0  0  0/1    14:45   0:00   0:00 
Erik Haula               0  1  1   1  0   4  2  0  0  0  13/21  14:47   2:58   1:53 
Jordan Oesterle          0  0  0  -1  0   1  1  3  0  0  0/0    18:02   0:00   2:08 
Kirby Dach               0  0  0  -1  0   3  1  0  0  0  5/16   17:44   2:58   0:00 
Michael Stone            0  0  0  -1  0   1  0  0  0  0  0/0    19:52   3:41   0:17 
Milan Lucic              0  0  0  -1  0   0  4  0  0  0  0/1    19:33   2:59   1:36 
Nate Schmidt             0  1  1   0  2   0  2  1  0  0  0/0    16:47   0:00   0:00 
Nico Sturm               0  0  0  -1  0   0  1  0  0  0  1/2    17:44   2:58   0:00 
Sean Walker              0  0  0   0  0   1  1  1  0  0  0/0    22:42   3:41   2:08 
Tyler Myers              0  0  0   0  0   1  7  0  0  0  0/0    21:12   2:16   1:50 

Players Stats for BOISE CARIBOUS

Player Name              G  A  P  +/- PIM S  H  SB GA TA FO     MP     PP MP  PK MP  
------------------------------------------------------------------------------------
Andre Burakovsky         1  0  1   0  0   4  0  1  0  0  1/1    17:24   2:16   0:00 
Brendan Smith            0  0  0  -1  0   0  1  0  0  0  0/0    15:45   0:00   2:59 
Carl Soderberg           0  2  2   2  0   1  0  0  0  0  0/0     6:40   0:00   0:00 
Dominik Kubalik          0  0  0   0  2   2  0  0  0  0  0/1    17:58   2:39   0:00 
Greg Pateryn             0  0  0  -1  0   0  3  0  0  0  0/0    18:46   1:36   2:39 
Ivan Barbashev           0  0  0   0  0   6  2  0  0  0  2/3    17:19   1:59   0:00 
Joakim Ryan              0  0  0   1  0   1  0  1  0  0  0/0    19:34   0:00   2:58 
John Klingberg           0  2  2   1  0   1  0  2  0  0  0/0    23:05   2:39   0:00 
Jordan Weal              2  0  2   2  0   5  0  0  0  0  0/0     6:40   0:00   0:00 
Lawson Crouse            0  0  0  -1  2   1  5  0  0  0  1/2    14:38   1:59   0:00 
Matt Bartkowski          0  0  0   1  0   0  1  0  0  0  0/0    20:17   1:36   0:00 
Oskar Sundqvist          0  0  0   0  0   1  1  1  0  0  6/16   18:32   0:00   3:24 
Patrick Marleau          0  0  0  -1  0   3  0  0  0  0  4/7    16:14   3:34   0:00 
Radek Faksa              0  0  0   0  0   7  0  1  0  0  17/23  18:56   0:41   2:55 
Rasmus Andersson         0  0  0   1  0   0  1  1  0  0  0/0    19:54   0:00   3:18 
Theodor Blueger          0  0  0  -1  0   5  0  1  0  0  11/20  15:13   0:00   2:33 
Tom Wilson               0  1  1   0  2   1  0  0  0  0  2/3    19:15   2:16   1:52 
Zack Smith               0  0  0   2  0   1  2  0  0  0  3/6     7:50   0:00   1:10 

3 Stars

1 - Jordan Weal (BOI)
2 - Carl Soderberg (BOI)
3 - John Klingberg (BOI)

Power Play

SAN FRANCISCO SPIDERS - 0 on 3 Attempt(s) - 0,00%
BOISE CARIBOUS - 1 on 3 Attempt(s) - 33,33%

Penalty Kill

SAN FRANCISCO SPIDERS - 2 on 3 Attempt(s) - 66,67% - Score 0 goal in Penalty Kill
BOISE CARIBOUS - 3 on 3 Attempt(s) - 100,00% - Score 0 goal in Penalty Kill

Team Stat

SAN FRANCISCO SPIDERS - Hits : 30 - Faceoff Wins : 35 - Blocked Shots : 6 - Penalty Minutes : 6
BOISE CARIBOUS - Hits : 16 - Faceoff Wins : 47 - Blocked Shots : 8 - Penalty Minutes : 6

Official

Referees : Furman South and Jake Brenk
Linesman : Tony Sericolo and Justin Cornell

Game Notes

No Game Note

Finance

Level 1 -- Attendance: 6000 (100,00%) -- Ticket Income 864 000 $
Level 2 -- Attendance: 5000 (100,00%) -- Ticket Income 520 000 $
Level 3 -- Attendance: 1581 (79,05%) -- Ticket Income 156 519 $
Level 4 -- Attendance: 2528 (63,20%) -- Ticket Income 217 408 $
Luxury Box -- Attendance: 1000 (100,00%) -- Ticket Income 286 000 $
Total Attendance: 16109 (89,49%)
Total Ticket Income: 2 043 927 $
Other Expense: 20 439 $
Total Income: 2 023 488 $

SAN FRANCISCO SPIDERS

5 vs 5 Forward 
   Center                   Left Wing                Right Wing               Time % Phy DF OF 
 1 Danton Heinen            Milan Lucic              Andrei Svechnikov        30     0   0  5  
 2 Kirby Dach               Eric Robinson            Nico Sturm               30     0   0  5  
 3 Calle Jarnkrok           Dominik Kahun            Dominik Simon            20     0   0  5  
 4 Erik Haula               Alexander Kerfoot        Alex Chiasson            20     0   0  5  

5 vs 5 Defense 
   Defense                  Defense                                           Time % Phy DF OF 
 1 Jordan Oesterle          Michael Stone                                     34     0   5  0  
 2 Tyler Myers              Sean Walker                                       33     0   5  0  
 3 Nate Schmidt             Darnell Nurse                                     32     0   5  0  
 4 Darnell Nurse            Tyler Myers                                       1      0   5  0  

PowerPlay Forward 
   Center                   Left Wing                Right Wing               Time % Phy DF OF 
 1 Danton Heinen            Milan Lucic              Andrei Svechnikov        55     0   1  4  
 2 Erik Haula               Kirby Dach               Nico Sturm               45     0   1  4  

PowerPlay Defense
   Defense                  Defense                                           Time % Phy DF OF 
 1 Michael Stone            Sean Walker                                       55     0   3  2  
 2 Darnell Nurse            Tyler Myers                                       45     0   3  2  

Penalty Kill 4 Players Forward 
   Center                   Wing                     Time % Phy DF OF 
 1 Danton Heinen            Andrei Svechnikov        55     0   4  1  
 2 Milan Lucic              Erik Haula               45     0   4  1  

Penalty Kill 4 Players Defense
   Defense                  Defense                  Time % Phy DF OF 
 1 Jordan Oesterle          Sean Walker              55     0   5  0  
 2 Darnell Nurse            Tyler Myers              45     0   5  0  

Penalty Kill - 3 Players Forward 
   Forward                                           Time % Phy DF OF 
 1 Erik Haula                                        55     0   5  0  
 2 Andrei Svechnikov                                 45     0   5  0  

Penalty Kill - 3 Players Defense
   Defense                  Defense                  Time % Phy DF OF 
 1 Sean Walker              Jordan Oesterle          55     0   5  0  
 2 Darnell Nurse            Tyler Myers              45     0   5  0  

4 vs 4 Forward 
   Center                   Wing                     Time % Phy DF OF 
 1 Milan Lucic              Andrei Svechnikov        55     1   1  3  
 2 Kirby Dach               Erik Haula               45     1   1  3  

4 vs 4 Defense
   Defense                  Defense                  Time % Phy DF OF 
 1 Michael Stone            Sean Walker              55     1   3  1  
 2 Tyler Myers              Darnell Nurse            45     0   5  0  

Last Minutes Offensive
   Center                   Left Wing                Right Wing               Defense                  Defense                  
   Erik Haula               Eric Robinson            Andrei Svechnikov        Tyler Myers              Michael Stone            

Last Minutes Defensive
   Center                   Left Wing                Right Wing               Defense                  Defense                  
   Erik Haula               Eric Robinson            Andrei Svechnikov        Tyler Myers              Michael Stone            

Goaltenders
Starting : Collin Delia             
Backup : Jake Kielly              

Extra Forwards
Normal : Kirby Dach, Nico Sturm, Danton Heinen - PP : Kirby Dach, Nico Sturm - PK : Danton Heinen
Extra Defensemen
Normal : Sean Walker, Darnell Nurse, Tyler Myers - PP : Tyler Myers - PK : Tyler Myers, Darnell Nurse
Penalty Shots
Danton Heinen, Andrei Svechnikov, Nico Sturm, Erik Haula, Milan Lucic
Custom OT Lines Forwards
Eric Robinson, Andrei Svechnikov, Nico Sturm, Erik Haula, Milan Lucic, Calle Jarnkrok, Danton Heinen, Dominik Kahun, Alexander Kerfoot, Kirby Dach
Custom OT Lines Defensemen
Tyler Myers, Darnell Nurse, Jordan Oesterle, Sean Walker, Nate Schmidt

Scratches
Michael Anderson (Right Foot Injury), Igor Shesterkin (Back Injury), Malcolm Subban (Strained Groin Injury)

BOISE CARIBOUS

5 vs 5 Forward 
   Center                   Left Wing                Right Wing               Time % Phy DF OF 
 1 Oskar Sundqvist          Andre Burakovsky         Tom Wilson               31     0   2  3  
 2 Radek Faksa              Ivan Barbashev           Dominik Kubalik          30     0   2  3  
 3 Theodor Blueger          Lawson Crouse            Patrick Marleau          25     0   3  2  
 4 Zack Smith               Carl Soderberg           Jordan Weal              14     0   5  0  

5 vs 5 Defense 
   Defense                  Defense                                           Time % Phy DF OF 
 1 Matt Bartkowski          John Klingberg                                    36     1   2  2  
 2 Joakim Ryan              Rasmus Andersson                                  33     1   2  2  
 3 Brendan Smith            Greg Pateryn                                      27     1   3  1  
 4 John Klingberg           Greg Pateryn                                      4      0   3  2  

PowerPlay Forward 
   Center                   Left Wing                Right Wing               Time % Phy DF OF 
 1 Patrick Marleau          Andre Burakovsky         Tom Wilson               55     0   1  4  
 2 Ivan Barbashev           Lawson Crouse            Patrick Marleau          45     0   2  3  

PowerPlay Defense
   Defense                  Defense                                           Time % Phy DF OF 
 1 John Klingberg           Dominik Kubalik                                   55     0   1  4  
 2 Matt Bartkowski          Greg Pateryn                                      45     0   2  3  

Penalty Kill 4 Players Forward 
   Center                   Wing                     Time % Phy DF OF 
 1 Radek Faksa              Oskar Sundqvist          55     0   5  0  
 2 Theodor Blueger          Tom Wilson               45     0   5  0  

Penalty Kill 4 Players Defense
   Defense                  Defense                  Time % Phy DF OF 
 1 Rasmus Andersson         Brendan Smith            55     0   5  0  
 2 Greg Pateryn             Joakim Ryan              45     0   5  0  

Penalty Kill - 3 Players Forward 
   Forward                                           Time % Phy DF OF 
 1 Theodor Blueger                                   55     1   4  0  
 2 Radek Faksa                                       45     1   4  0  

Penalty Kill - 3 Players Defense
   Defense                  Defense                  Time % Phy DF OF 
 1 Greg Pateryn             Matt Bartkowski          55     1   4  0  
 2 Matt Bartkowski          Rasmus Andersson         45     1   4  0  

4 vs 4 Forward 
   Center                   Wing                     Time % Phy DF OF 
 1 Patrick Marleau          Dominik Kubalik          55     1   2  2  
 2 Radek Faksa              Andre Burakovsky         45     1   2  2  

4 vs 4 Defense
   Defense                  Defense                  Time % Phy DF OF 
 1 Greg Pateryn             Matt Bartkowski          55     1   2  2  
 2 John Klingberg           Oskar Sundqvist          45     1   2  2  

Last Minutes Offensive
   Center                   Left Wing                Right Wing               Defense                  Defense                  
   Radek Faksa              Andre Burakovsky         Tom Wilson               John Klingberg           Rasmus Andersson         

Last Minutes Defensive
   Center                   Left Wing                Right Wing               Defense                  Defense                  
   Radek Faksa              Zack Smith               Tom Wilson               Greg Pateryn             Rasmus Andersson         

Goaltenders
Starting : Alexandar Georgiev       
Backup : Andrew Hammond           

Extra Forwards
Normal : Lawson Crouse, Oskar Sundqvist, Patrick Marleau - PP : Radek Faksa, Lawson Crouse - PK : Zack Smith
Extra Defensemen
Normal : Matt Bartkowski, Rasmus Andersson, Greg Pateryn - PP : Rasmus Andersson - PK : Brendan Smith, Greg Pateryn
Penalty Shots
Andre Burakovsky, Ivan Barbashev, Dominik Kubalik, Tom Wilson, Jordan Weal
Custom OT Lines Forwards
Tom Wilson, Theodor Blueger, Radek Faksa, Andre Burakovsky, Dominik Kubalik, Jordan Weal, Patrick Marleau, Lawson Crouse, Ivan Barbashev, Oskar Sundqvist
Custom OT Lines Defensemen
Rasmus Andersson, John Klingberg, Matt Bartkowski, Joakim Ryan, Greg Pateryn

Scratches
Kyle Turris (Bruised Left Arm Injury), Mario Kempe (Healthy), Jake Allen (Right Leg Injury)

% Time on Ice - SAN FRANCISCO SPIDERS

Lines # - Real PCT - Wanted PCT - Time Play
Normal Forward
1 - 30% - 30% - 14:58
2 - 30% - 30% - 14:46
3 - 20% - 20% - 10:08
4 - 20% - 20% - 9:56
Normal Defense
1 - 32% - 34% - 15:54
2 - 34% - 33% - 16:53
3 - 34% - 32% - 16:48
4 - 0% - 1% - 0:13
PP Forward
1 - 50% - 55% - 2:59
2 - 50% - 45% - 2:58
PP Defense
1 - 62% - 55% - 3:41
2 - 38% - 45% - 2:16
PK Forward
1 - 56% - 55% - 2:22
2 - 44% - 45% - 1:53
PK Defense
1 - 50% - 55% - 2:08
2 - 50% - 45% - 2:07
PK3 Forward
1 - 0% - 55%
2 - 0% - 45%
PK3 Defense
1 - 0% - 55%
2 - 0% - 45%
44 Forward
1 - 0% - 55%
2 - 0% - 45%
44 Defense
1 - 0% - 55%
2 - 0% - 45%
Last Minute Offensive  - 0:00
Last Minute Defensive  - 0:00
Total
Forward - 60:00
Defense - 60:00

% Time on Ice - BOISE CARIBOUS

Lines # - Real PCT - Wanted PCT - Time Play
Normal Forward
1 - 30% - 31% - 15:08
2 - 31% - 30% - 15:20
3 - 25% - 25% - 12:40
4 - 13% - 14% - 6:40
Normal Defense
1 - 38% - 36% - 18:41
2 - 33% - 33% - 16:36
3 - 26% - 27% - 12:46
4 - 4% - 4% - 1:45
PP Forward
1 - 53% - 55% - 2:16
2 - 47% - 45% - 1:59
PP Defense
1 - 62% - 55% - 2:39
2 - 38% - 45% - 1:36
PK Forward
1 - 57% - 55% - 3:24
2 - 43% - 45% - 2:33
PK Defense
1 - 55% - 55% - 3:18
2 - 45% - 45% - 2:39
PK3 Forward
1 - 0% - 55%
2 - 0% - 45%
PK3 Defense
1 - 0% - 55%
2 - 0% - 45%
44 Forward
1 - 0% - 55%
2 - 0% - 45%
44 Defense
1 - 0% - 55%
2 - 0% - 45%
Last Minute Offensive  - 0:00
Last Minute Defensive  - 0:00
Total
Forward - 60:00
Defense - 60:00

Play-by-Play

1st period


0:01 of 1st period - Oskar Sundqvist wins face-off versus Danton Heinen in neutral zone.
1:49 of 1st period - Icing by Tyler Myers.
1:50 of 1st period - Kirby Dach wins face-off versus Theodor Blueger in SAN FRANCISCO SPIDERS zone.
2:16 of 1st period - Icing by Theodor Blueger.
2:17 of 1st period - Theodor Blueger wins face-off versus Erik Haula in BOISE CARIBOUS zone.
2:24 of 1st period - Shot by Patrick Marleau.
2:24 of 1st period - Stopped by Collin Delia without a rebound.
2:25 of 1st period - Radek Faksa wins face-off versus Alexander Kerfoot in SAN FRANCISCO SPIDERS zone.
2:44 of 1st period - Shot by Radek Faksa.
2:44 of 1st period - Stopped by Collin Delia with a rebound.
2:46 of 1st period - Shot by Radek Faksa.
2:46 of 1st period - Stopped by Collin Delia without a rebound.
2:47 of 1st period - Zack Smith wins face-off versus Calle Jarnkrok in SAN FRANCISCO SPIDERS zone.
2:54 of 1st period - Shot by Jordan Weal.
2:54 of 1st period - Shot Misses the Net.
3:00 of 1st period - Shot by Calle Jarnkrok.
3:00 of 1st period - Stopped by Alexandar Georgiev without a rebound.
3:01 of 1st period - Radek Faksa wins face-off versus Danton Heinen in BOISE CARIBOUS zone.
3:13 of 1st period - Off-side.
3:14 of 1st period - Erik Haula wins face-off versus Patrick Marleau in neutral zone.
4:02 of 1st period - Sean Walker is hit by Lawson Crouse.
4:47 of 1st period - Icing by Nate Schmidt.
4:48 of 1st period - Calle Jarnkrok wins face-off versus Zack Smith in SAN FRANCISCO SPIDERS zone.
5:56 of 1st period - Icing by Joakim Ryan.
5:57 of 1st period - Oskar Sundqvist wins face-off versus Danton Heinen in BOISE CARIBOUS zone.
6:55 of 1st period - Kirby Dach is hit by Greg Pateryn and loses puck.
7:06 of 1st period - Shot by Dominik Kubalik.
7:06 of 1st period - Stopped by Collin Delia without a rebound.
7:07 of 1st period - Erik Haula wins face-off versus Patrick Marleau in SAN FRANCISCO SPIDERS zone.
7:07 of 1st period - Erik Haula is hit by Lawson Crouse.
7:26 of 1st period - Icing by John Klingberg.
7:27 of 1st period - Theodor Blueger wins face-off versus Eric Robinson in BOISE CARIBOUS zone.
7:32 of 1st period - Minor Penalty to Lawson Crouse for Hooking.
7:33 of 1st period - Erik Haula wins face-off versus Radek Faksa in BOISE CARIBOUS zone.
7:34 of 1st period - Shot by Darnell Nurse.
7:34 of 1st period - Stopped by Alexandar Georgiev without a rebound.
7:35 of 1st period - Radek Faksa wins face-off versus Danton Heinen in BOISE CARIBOUS zone.
7:47 of 1st period - Andrei Svechnikov is hit by Greg Pateryn.
8:02 of 1st period - Danton Heinen is hit by Greg Pateryn and loses puck.
8:10 of 1st period - Icing by Andrei Svechnikov.
8:11 of 1st period - Theodor Blueger wins face-off versus Danton Heinen in SAN FRANCISCO SPIDERS zone.
8:14 of 1st period - Shot by Tom Wilson.
8:14 of 1st period - Shot Hit the Post.
9:00 of 1st period - Shot by Kirby Dach.
9:00 of 1st period - Stopped by Alexandar Georgiev with a rebound.
9:28 of 1st period - Shot by Darnell Nurse.
9:28 of 1st period - Shot Misses the Net.
9:35 of 1st period - Erik Haula is hit by Matt Bartkowski and loses puck.
9:52 of 1st period - Shot by Calle Jarnkrok.
9:52 of 1st period - Shot Blocked by John Klingberg.
10:53 of 1st period - Shot by Radek Faksa.
10:53 of 1st period - Stopped by Collin Delia without a rebound.
10:54 of 1st period - Oskar Sundqvist wins face-off versus Danton Heinen in SAN FRANCISCO SPIDERS zone.
10:54 of 1st period - Tom Wilson is hit by Tyler Myers and loses puck.
11:02 of 1st period - Andre Burakovsky is hit by Tyler Myers and loses puck.
11:10 of 1st period - Andre Burakovsky is hit by Tyler Myers and loses puck.
11:20 of 1st period - Oskar Sundqvist is hit by Tyler Myers and loses puck.
11:24 of 1st period - Oskar Sundqvist is hit by Tyler Myers.
11:32 of 1st period - Andre Burakovsky is hit by Milan Lucic and loses puck.
11:36 of 1st period - Greg Pateryn is hit by Milan Lucic and loses puck.
11:53 of 1st period - John Klingberg is hit by Tyler Myers and loses puck.
12:13 of 1st period - Radek Faksa is hit by Tyler Myers and loses puck.
12:37 of 1st period - Andrei Svechnikov is hit by Rasmus Andersson and loses puck.
12:59 of 1st period - Shot by Kirby Dach.
12:59 of 1st period - Stopped by Alexandar Georgiev without a rebound.
13:00 of 1st period - Erik Haula wins face-off versus Zack Smith in BOISE CARIBOUS zone.
13:06 of 1st period - Minor Penalty to Alexander Kerfoot for Tripping.
13:07 of 1st period - Patrick Marleau wins face-off versus Calle Jarnkrok in SAN FRANCISCO SPIDERS zone.
13:21 of 1st period - Shot by Andre Burakovsky.
13:21 of 1st period - Shot Hit the Post.
13:23 of 1st period - Shot by Andre Burakovsky.
13:23 of 1st period - Goal by Andre Burakovsky - SAN FRANCISCO SPIDERS : 0 - BOISE CARIBOUS : 1.
13:24 of 1st period - Zack Smith wins face-off versus Kirby Dach in neutral zone.
13:33 of 1st period - Off-side.
13:34 of 1st period - Theodor Blueger wins face-off versus Erik Haula in neutral zone.
13:34 of 1st period - Theodor Blueger is hit by Erik Haula.
13:44 of 1st period - Shot by Theodor Blueger.
13:44 of 1st period - Stopped by Collin Delia without a rebound.
13:45 of 1st period - Radek Faksa wins face-off versus Nico Sturm in SAN FRANCISCO SPIDERS zone.
13:46 of 1st period - Shot by Ivan Barbashev.
13:46 of 1st period - Stopped by Collin Delia with a rebound.
13:59 of 1st period - Nico Sturm is hit by Ivan Barbashev and loses puck.
14:08 of 1st period - Shot by Radek Faksa.
14:08 of 1st period - Stopped by Collin Delia without a rebound.
14:09 of 1st period - Theodor Blueger wins face-off versus Calle Jarnkrok in SAN FRANCISCO SPIDERS zone.
14:14 of 1st period - Shot by Theodor Blueger.
14:14 of 1st period - Shot Misses the Net.
14:17 of 1st period - Icing by Michael Stone.
14:18 of 1st period - Calle Jarnkrok wins face-off versus Oskar Sundqvist in SAN FRANCISCO SPIDERS zone.
14:33 of 1st period - Shot by Dominik Kahun.
14:33 of 1st period - Stopped by Alexandar Georgiev with a rebound.
14:45 of 1st period - Shot by Calle Jarnkrok.
14:45 of 1st period - Shot Blocked by Rasmus Andersson.
14:47 of 1st period - Shot by Michael Stone.
14:47 of 1st period - Stopped by Alexandar Georgiev without a rebound.
14:48 of 1st period - Lawson Crouse wins face-off versus Kirby Dach in BOISE CARIBOUS zone.
14:55 of 1st period - Icing by Kirby Dach.
14:56 of 1st period - Radek Faksa wins face-off versus Kirby Dach in SAN FRANCISCO SPIDERS zone.
14:59 of 1st period - Shot by Ivan Barbashev.
14:59 of 1st period - Stopped by Collin Delia without a rebound.
15:00 of 1st period - Kirby Dach wins face-off versus Radek Faksa in SAN FRANCISCO SPIDERS zone.
15:13 of 1st period - Minor Penalty to Eric Robinson for Hooking.
15:14 of 1st period - Danton Heinen wins face-off versus Patrick Marleau in SAN FRANCISCO SPIDERS zone.
16:20 of 1st period - Shot by Ivan Barbashev.
16:20 of 1st period - Deflect By Radek Faksa.
16:20 of 1st period - Stopped by Collin Delia with a rebound.
16:22 of 1st period - Shot by Radek Faksa.
16:22 of 1st period - Stopped by Collin Delia without a rebound.
16:23 of 1st period - Erik Haula wins face-off versus Ivan Barbashev in SAN FRANCISCO SPIDERS zone.
16:23 of 1st period - Erik Haula is hit by Lawson Crouse.
16:37 of 1st period - Shot by Erik Haula.
16:37 of 1st period - Stopped by Alexandar Georgiev without a rebound.
16:38 of 1st period - Patrick Marleau wins face-off versus Danton Heinen in BOISE CARIBOUS zone.
16:38 of 1st period - Patrick Marleau is hit by Andrei Svechnikov.
16:59 of 1st period - Off-side.
17:00 of 1st period - Ivan Barbashev wins face-off versus Milan Lucic in neutral zone.
17:00 of 1st period - Ivan Barbashev is hit by Milan Lucic.
17:43 of 1st period - Shot by Jordan Weal.
17:43 of 1st period - Stopped by Collin Delia with a rebound.
17:45 of 1st period - Shot by Jordan Weal.
17:45 of 1st period - Goal by Jordan Weal - SAN FRANCISCO SPIDERS : 0 - BOISE CARIBOUS : 2.
17:46 of 1st period - Oskar Sundqvist wins face-off versus Erik Haula in neutral zone.
17:51 of 1st period - Shot by Tom Wilson.
17:51 of 1st period - Shot Blocked by Jordan Oesterle.
17:59 of 1st period - Shot by Andre Burakovsky.
17:59 of 1st period - Stopped by Collin Delia without a rebound.
18:00 of 1st period - Danton Heinen wins face-off versus Radek Faksa in SAN FRANCISCO SPIDERS zone.
18:17 of 1st period - Shot by Ivan Barbashev.
18:17 of 1st period - Shot Misses the Net.
18:25 of 1st period - Shot by Radek Faksa.
18:25 of 1st period - Shot Misses the Net.
18:31 of 1st period - Shot by Dominik Kubalik.
18:31 of 1st period - Deflect By Radek Faksa.
18:31 of 1st period - Shot Misses the Net.
19:09 of 1st period - Shot by Eric Robinson.
19:09 of 1st period - Shot Blocked by Theodor Blueger.
19:11 of 1st period - Shot by Jordan Oesterle.
19:11 of 1st period - Stopped by Alexandar Georgiev without a rebound.
19:12 of 1st period - Alexander Kerfoot wins face-off versus Tom Wilson in BOISE CARIBOUS zone.
19:27 of 1st period - Shot by Alexander Kerfoot.
19:27 of 1st period - Shot Blocked by Joakim Ryan.
19:29 of 1st period - Shot by Darnell Nurse.
19:29 of 1st period - Stopped by Alexandar Georgiev without a rebound.
19:30 of 1st period - Calle Jarnkrok wins face-off versus Theodor Blueger in BOISE CARIBOUS zone.
19:35 of 1st period - Shot by Calle Jarnkrok.
19:35 of 1st period - Deflect By Dominik Kahun.
19:35 of 1st period - Stopped by Alexandar Georgiev without a rebound.
19:36 of 1st period - Theodor Blueger wins face-off versus Kirby Dach in BOISE CARIBOUS zone.
19:48 of 1st period - Eric Robinson is hit by Lawson Crouse and loses puck.
Goals for this period are 0 for SAN FRANCISCO SPIDERS vs 2 for BOISE CARIBOUS.
Shots for this period are 10 for SAN FRANCISCO SPIDERS vs 15 for BOISE CARIBOUS.

2nd period


0:01 of 2nd period - Oskar Sundqvist wins face-off versus Kirby Dach in neutral zone.
0:26 of 2nd period - Shot by Nico Sturm.
0:26 of 2nd period - Shot Misses the Net.
0:34 of 2nd period - Shot by Tom Wilson.
0:34 of 2nd period - Shot Misses the Net.
1:13 of 2nd period - Shot by Theodor Blueger.
1:13 of 2nd period - Stopped by Collin Delia without a rebound.
1:14 of 2nd period - Radek Faksa wins face-off versus Erik Haula in SAN FRANCISCO SPIDERS zone.
1:44 of 2nd period - Shot by Erik Haula.
1:44 of 2nd period - Deflect By Alexander Kerfoot.
1:44 of 2nd period - Shot Hit the Post.
1:46 of 2nd period - Shot by Alexander Kerfoot.
1:46 of 2nd period - Stopped by Alexandar Georgiev without a rebound.
1:47 of 2nd period - Theodor Blueger wins face-off versus Danton Heinen in BOISE CARIBOUS zone.
2:08 of 2nd period - Nate Schmidt is hit by Lawson Crouse and loses puck.
2:56 of 2nd period - Shot by Tom Wilson.
2:56 of 2nd period - Shot Misses the Net.
3:03 of 2nd period - Minor Penalty to Tom Wilson for Charging.
3:04 of 2nd period - Radek Faksa wins face-off versus Erik Haula in BOISE CARIBOUS zone.
3:04 of 2nd period - Radek Faksa is hit by Erik Haula.
3:10 of 2nd period - Michael Stone is hit by Oskar Sundqvist and loses puck.
3:29 of 2nd period - Shot by Erik Haula.
3:29 of 2nd period - Stopped by Alexandar Georgiev without a rebound.
3:30 of 2nd period - Erik Haula wins face-off versus Radek Faksa in BOISE CARIBOUS zone.
3:43 of 2nd period - Shot by Erik Haula.
3:43 of 2nd period - Shot Blocked by Radek Faksa.
3:45 of 2nd period - Shot by Sean Walker.
3:45 of 2nd period - Stopped by Alexandar Georgiev without a rebound.
3:46 of 2nd period - Theodor Blueger wins face-off versus Erik Haula in BOISE CARIBOUS zone.
4:09 of 2nd period - Shot by Erik Haula.
4:09 of 2nd period - Stopped by Alexandar Georgiev without a rebound.
4:10 of 2nd period - Radek Faksa wins face-off versus Andrei Svechnikov in BOISE CARIBOUS zone.
4:56 of 2nd period - Icing by Danton Heinen.
4:57 of 2nd period - Andrei Svechnikov wins face-off versus Radek Faksa in SAN FRANCISCO SPIDERS zone.
5:02 of 2nd period - Radek Faksa is hit by Andrei Svechnikov and loses puck.
5:33 of 2nd period - Shot by Calle Jarnkrok.
5:33 of 2nd period - Shot Misses the Net.
5:35 of 2nd period - Shot by Darnell Nurse.
5:35 of 2nd period - Stopped by Alexandar Georgiev without a rebound.
5:36 of 2nd period - Radek Faksa wins face-off versus Kirby Dach in BOISE CARIBOUS zone.
5:36 of 2nd period - Radek Faksa is hit by Eric Robinson.
5:44 of 2nd period - Shot by Radek Faksa.
5:44 of 2nd period - Shot Misses the Net.
5:46 of 2nd period - Shot by Radek Faksa.
5:46 of 2nd period - Shot Misses the Net.
5:48 of 2nd period - Shot by Ivan Barbashev.
5:48 of 2nd period - Stopped by Collin Delia without a rebound.
5:49 of 2nd period - Erik Haula wins face-off versus Oskar Sundqvist in SAN FRANCISCO SPIDERS zone.
6:03 of 2nd period - Icing by Brendan Smith.
6:04 of 2nd period - Tom Wilson wins face-off versus Kirby Dach in BOISE CARIBOUS zone.
6:04 of 2nd period - Tom Wilson is hit by Nico Sturm.
6:12 of 2nd period - Shot by Andre Burakovsky.
6:12 of 2nd period - Stopped by Collin Delia without a rebound.
6:13 of 2nd period - Radek Faksa wins face-off versus Danton Heinen in SAN FRANCISCO SPIDERS zone.
6:13 of 2nd period - Ivan Barbashev is hit by Darnell Nurse and loses puck.
6:17 of 2nd period - Ivan Barbashev is hit by Nate Schmidt and loses puck.
6:23 of 2nd period - Radek Faksa is hit by Darnell Nurse and loses puck.
6:31 of 2nd period - Minor Penalty to Nate Schmidt for Tripping.
6:32 of 2nd period - Patrick Marleau wins face-off versus Danton Heinen in SAN FRANCISCO SPIDERS zone.
7:25 of 2nd period - Shot by Dominik Kubalik.
7:25 of 2nd period - Deflect By Radek Faksa.
7:25 of 2nd period - Shot Misses the Net.
7:27 of 2nd period - Shot by Radek Faksa.
7:27 of 2nd period - Stopped by Collin Delia without a rebound.
7:28 of 2nd period - Ivan Barbashev wins face-off versus Danton Heinen in SAN FRANCISCO SPIDERS zone.
7:29 of 2nd period - Shot by John Klingberg.
7:29 of 2nd period - Deflect By Patrick Marleau.
7:29 of 2nd period - Shot Misses the Net.
7:33 of 2nd period - Shot by Lawson Crouse.
7:33 of 2nd period - Stopped by Collin Delia without a rebound.
7:34 of 2nd period - Danton Heinen wins face-off versus Lawson Crouse in SAN FRANCISCO SPIDERS zone.
7:43 of 2nd period - Ivan Barbashev is hit by Andrei Svechnikov and loses puck.
9:07 of 2nd period - Shot by Andre Burakovsky.
9:07 of 2nd period - Shot Blocked by Nate Schmidt.
9:15 of 2nd period - Shot by Oskar Sundqvist.
9:15 of 2nd period - Stopped by Collin Delia without a rebound.
9:16 of 2nd period - Calle Jarnkrok wins face-off versus Zack Smith in SAN FRANCISCO SPIDERS zone.
9:16 of 2nd period - Dominik Kahun is hit by Zack Smith and loses puck.
9:33 of 2nd period - Jordan Oesterle is hit by Zack Smith and loses puck.
9:39 of 2nd period - Michael Stone is hit by Brendan Smith and loses puck.
9:50 of 2nd period - Shot by Calle Jarnkrok.
9:50 of 2nd period - Stopped by Alexandar Georgiev with a rebound.
10:22 of 2nd period - Shot by Dominik Kubalik.
10:22 of 2nd period - Shot Blocked by Sean Walker.
10:24 of 2nd period - Shot by John Klingberg.
10:24 of 2nd period - Stopped by Collin Delia without a rebound.
10:25 of 2nd period - Erik Haula wins face-off versus Oskar Sundqvist in SAN FRANCISCO SPIDERS zone.
10:44 of 2nd period - Shot by Tom Wilson.
10:44 of 2nd period - Shot Misses the Net.
10:53 of 2nd period - Icing by Darnell Nurse.
10:54 of 2nd period - Erik Haula wins face-off versus Dominik Kubalik in SAN FRANCISCO SPIDERS zone.
11:01 of 2nd period - Shot by Alexander Kerfoot.
11:01 of 2nd period - Shot Misses the Net.
11:07 of 2nd period - Shot by Darnell Nurse.
11:07 of 2nd period - Shot Blocked by John Klingberg.
11:09 of 2nd period - Shot by Erik Haula.
11:09 of 2nd period - Stopped by Alexandar Georgiev without a rebound.
11:10 of 2nd period - Kirby Dach wins face-off versus Theodor Blueger in BOISE CARIBOUS zone.
11:23 of 2nd period - Shot by Kirby Dach.
11:23 of 2nd period - Deflect By Eric Robinson.
11:23 of 2nd period - Shot Misses the Net.
11:51 of 2nd period - Shot by Theodor Blueger.
11:51 of 2nd period - Deflect By Patrick Marleau.
11:51 of 2nd period - Stopped by Collin Delia without a rebound.
11:52 of 2nd period - Radek Faksa wins face-off versus Danton Heinen in SAN FRANCISCO SPIDERS zone.
11:57 of 2nd period - Shot by Dominik Kubalik.
11:57 of 2nd period - Stopped by Collin Delia without a rebound.
11:58 of 2nd period - Radek Faksa wins face-off versus Danton Heinen in SAN FRANCISCO SPIDERS zone.
12:09 of 2nd period - Shot by Andrei Svechnikov.
12:09 of 2nd period - Shot Misses the Net.
12:11 of 2nd period - Shot by Tyler Myers.
12:11 of 2nd period - Stopped by Alexandar Georgiev with a rebound.
12:29 of 2nd period - Shot by Danton Heinen.
12:29 of 2nd period - Stopped by Alexandar Georgiev without a rebound.
12:30 of 2nd period - Calle Jarnkrok wins face-off versus Oskar Sundqvist in BOISE CARIBOUS zone.
12:40 of 2nd period - Shot by Calle Jarnkrok.
12:40 of 2nd period - Shot Misses the Net.
12:42 of 2nd period - Shot by Darnell Nurse.
12:42 of 2nd period - Shot Blocked by Andre Burakovsky.
12:44 of 2nd period - Shot by Dominik Simon.
12:44 of 2nd period - Stopped by Alexandar Georgiev without a rebound.
12:45 of 2nd period - Kirby Dach wins face-off versus Theodor Blueger in BOISE CARIBOUS zone.
12:48 of 2nd period - Shot by Kirby Dach.
12:48 of 2nd period - Stopped by Alexandar Georgiev without a rebound.
12:49 of 2nd period - Radek Faksa wins face-off versus Kirby Dach in BOISE CARIBOUS zone.
13:06 of 2nd period - Jordan Oesterle is hit by Ivan Barbashev and loses puck.
13:27 of 2nd period - Ivan Barbashev is hit by Eric Robinson and loses puck.
13:31 of 2nd period - John Klingberg is hit by Kirby Dach and loses puck.
14:07 of 2nd period - Shot by Andrei Svechnikov.
14:07 of 2nd period - Stopped by Alexandar Georgiev without a rebound.
14:08 of 2nd period - Patrick Marleau wins face-off versus Erik Haula in BOISE CARIBOUS zone.
14:41 of 2nd period - Shot by Alexander Kerfoot.
14:41 of 2nd period - Goal by Alexander Kerfoot - SAN FRANCISCO SPIDERS : 1 - BOISE CARIBOUS : 2.
14:42 of 2nd period - Andrei Svechnikov wins face-off versus Oskar Sundqvist in neutral zone.
14:50 of 2nd period - John Klingberg is hit by Sean Walker and loses puck.
15:05 of 2nd period - Shot by Tom Wilson.
15:05 of 2nd period - Shot Misses the Net.
15:07 of 2nd period - Shot by Oskar Sundqvist.
15:07 of 2nd period - Deflect By Andre Burakovsky.
15:07 of 2nd period - Stopped by Collin Delia without a rebound.
15:08 of 2nd period - Radek Faksa wins face-off versus Calle Jarnkrok in SAN FRANCISCO SPIDERS zone.
15:11 of 2nd period - Shot by Ivan Barbashev.
15:11 of 2nd period - Stopped by Collin Delia without a rebound.
15:12 of 2nd period - Radek Faksa wins face-off versus Kirby Dach in SAN FRANCISCO SPIDERS zone.
15:33 of 2nd period - Shot by Dominik Kubalik.
15:33 of 2nd period - Shot Misses the Net.
15:35 of 2nd period - Shot by Joakim Ryan.
15:35 of 2nd period - Deflect By Radek Faksa.
15:35 of 2nd period - Shot Misses the Net.
15:37 of 2nd period - Shot by Joakim Ryan.
15:37 of 2nd period - Stopped by Collin Delia with a rebound.
15:39 of 2nd period - Shot by Rasmus Andersson.
15:39 of 2nd period - Shot Misses the Net.
15:41 of 2nd period - Shot by Ivan Barbashev.
15:41 of 2nd period - Stopped by Collin Delia without a rebound.
15:42 of 2nd period - Danton Heinen wins face-off versus Oskar Sundqvist in SAN FRANCISCO SPIDERS zone.
15:57 of 2nd period - Shot by Tom Wilson.
15:57 of 2nd period - Stopped by Collin Delia without a rebound.
15:58 of 2nd period - Calle Jarnkrok wins face-off versus Theodor Blueger in SAN FRANCISCO SPIDERS zone.
16:04 of 2nd period - Shot by Lawson Crouse.
16:04 of 2nd period - Shot Blocked by Darnell Nurse.
16:06 of 2nd period - Shot by Brendan Smith.
16:06 of 2nd period - Shot Misses the Net.
16:08 of 2nd period - Shot by Theodor Blueger.
16:08 of 2nd period - Shot Misses the Net.
16:18 of 2nd period - Shot by Theodor Blueger.
16:18 of 2nd period - Stopped by Collin Delia without a rebound.
16:19 of 2nd period - Nico Sturm wins face-off versus Radek Faksa in SAN FRANCISCO SPIDERS zone.
16:28 of 2nd period - Shot by Kirby Dach.
16:28 of 2nd period - Deflect By Eric Robinson.
16:28 of 2nd period - Shot Misses the Net.
18:04 of 2nd period - Icing by Nate Schmidt.
18:05 of 2nd period - Theodor Blueger wins face-off versus Dominik Simon in SAN FRANCISCO SPIDERS zone.
18:18 of 2nd period - Shot by Theodor Blueger.
18:18 of 2nd period - Stopped by Collin Delia with a rebound.
Goals for this period are 1 for SAN FRANCISCO SPIDERS vs 0 for BOISE CARIBOUS.
Shots for this period are 13 for SAN FRANCISCO SPIDERS vs 16 for BOISE CARIBOUS.

3rd period


0:01 of 3rd period - Oskar Sundqvist wins face-off versus Danton Heinen in neutral zone.
0:16 of 3rd period - Shot by Andrei Svechnikov.
0:16 of 3rd period - Deflect By Danton Heinen.
0:16 of 3rd period - Shot Blocked by Oskar Sundqvist.
1:25 of 3rd period - Shot by Dominik Kubalik.
1:25 of 3rd period - Shot Misses the Net.
1:38 of 3rd period - Icing by Sean Walker.
1:39 of 3rd period - Erik Haula wins face-off versus Theodor Blueger in SAN FRANCISCO SPIDERS zone.
1:44 of 3rd period - Shot by Theodor Blueger.
1:44 of 3rd period - Stopped by Collin Delia with a rebound.
1:46 of 3rd period - Shot by Lawson Crouse.
1:46 of 3rd period - Shot Misses the Net.
2:14 of 3rd period - Shot by Patrick Marleau.
2:14 of 3rd period - Stopped by Collin Delia without a rebound.
2:15 of 3rd period - Kirby Dach wins face-off versus Oskar Sundqvist in SAN FRANCISCO SPIDERS zone.
2:32 of 3rd period - John Klingberg is hit by Eric Robinson and loses puck.
3:31 of 3rd period - Shot by Dominik Kubalik.
3:31 of 3rd period - Shot Misses the Net.
3:33 of 3rd period - Shot by Greg Pateryn.
3:33 of 3rd period - Shot Misses the Net.
3:45 of 3rd period - Shot by Ivan Barbashev.
3:45 of 3rd period - Stopped by Collin Delia without a rebound.
3:46 of 3rd period - Danton Heinen wins face-off versus Theodor Blueger in SAN FRANCISCO SPIDERS zone.
5:00 of 3rd period - Shot by Carl Soderberg.
5:00 of 3rd period - Stopped by Collin Delia with a rebound.
5:42 of 3rd period - Off-side.
5:43 of 3rd period - Erik Haula wins face-off versus Oskar Sundqvist in neutral zone.
5:56 of 3rd period - Shot by Alexander Kerfoot.
5:56 of 3rd period - Deflect By Alex Chiasson.
5:56 of 3rd period - Shot Misses the Net.
6:15 of 3rd period - Oskar Sundqvist is hit by Jordan Oesterle and loses puck.
6:59 of 3rd period - Shot by Dominik Kubalik.
6:59 of 3rd period - Shot Hit the Post.
7:01 of 3rd period - Shot by John Klingberg.
7:01 of 3rd period - Shot Misses the Net.
7:16 of 3rd period - Minor Penalty to Dominik Kubalik for Goalie Interference.
7:17 of 3rd period - Theodor Blueger wins face-off versus Erik Haula in BOISE CARIBOUS zone.
7:47 of 3rd period - Off-side.
7:48 of 3rd period - Tom Wilson wins face-off versus Danton Heinen in neutral zone.
7:54 of 3rd period - Icing by Danton Heinen.
7:55 of 3rd period - Radek Faksa wins face-off versus Danton Heinen in SAN FRANCISCO SPIDERS zone.
9:56 of 3rd period - Shot by Theodor Blueger.
9:56 of 3rd period - Shot Misses the Net.
10:40 of 3rd period - Shot by Erik Haula.
10:40 of 3rd period - Shot Misses the Net.
10:49 of 3rd period - Icing by Joakim Ryan.
10:50 of 3rd period - Radek Faksa wins face-off versus Danton Heinen in BOISE CARIBOUS zone.
10:54 of 3rd period - Off-side.
10:55 of 3rd period - Andre Burakovsky wins face-off versus Kirby Dach in neutral zone.
13:43 of 3rd period - John Klingberg is hit by Milan Lucic and loses puck.
13:56 of 3rd period - Shot by Carl Soderberg.
13:56 of 3rd period - Shot Blocked by Jordan Oesterle.
13:58 of 3rd period - Shot by Jordan Weal.
13:58 of 3rd period - Goal by Jordan Weal - SAN FRANCISCO SPIDERS : 1 - BOISE CARIBOUS : 3.
13:59 of 3rd period - Erik Haula wins face-off versus Oskar Sundqvist in neutral zone.
14:29 of 3rd period - Icing by Nate Schmidt.
14:30 of 3rd period - Erik Haula wins face-off versus Theodor Blueger in SAN FRANCISCO SPIDERS zone.
14:48 of 3rd period - Theodor Blueger is hit by Nate Schmidt and loses puck.
15:05 of 3rd period - Shot by Calle Jarnkrok.
15:05 of 3rd period - Stopped by Alexandar Georgiev with a rebound.
15:25 of 3rd period - Radek Faksa is hit by Dominik Simon and loses puck.
16:26 of 3rd period - Brendan Smith is hit by Eric Robinson and loses puck.
17:05 of 3rd period - Shot by Jordan Weal.
17:05 of 3rd period - Stopped by Collin Delia with a rebound.
17:07 of 3rd period - Shot by Zack Smith.
17:07 of 3rd period - Stopped by Collin Delia without a rebound.
17:08 of 3rd period - Calle Jarnkrok wins face-off versus Theodor Blueger in SAN FRANCISCO SPIDERS zone.
17:46 of 3rd period - Patrick Marleau is hit by Dominik Simon and loses puck.
18:11 of 3rd period - Shot by Alexander Kerfoot.
18:11 of 3rd period - Shot Misses the Net.
18:13 of 3rd period - Shot by Jordan Oesterle.
18:13 of 3rd period - Shot Misses the Net.
18:15 of 3rd period - Shot by Alexander Kerfoot.
18:15 of 3rd period - Stopped by Alexandar Georgiev without a rebound.
18:16 of 3rd period - Andrei Svechnikov wins face-off versus Oskar Sundqvist in BOISE CARIBOUS zone.
19:21 of 3rd period - Off-side.
19:22 of 3rd period - Zack Smith wins face-off versus Calle Jarnkrok in neutral zone.
19:47 of 3rd period - Shot by Carl Soderberg.
19:47 of 3rd period - Shot Misses the Net.
19:49 of 3rd period - Shot by Jordan Weal.
19:49 of 3rd period - Stopped by Collin Delia without a rebound.
19:50 of 3rd period - Theodor Blueger wins face-off versus Kirby Dach in SAN FRANCISCO SPIDERS zone.
19:59 of 3rd period - Shot by Theodor Blueger.
19:59 of 3rd period - Shot Blocked by Jordan Oesterle.
Goals for this period are 0 for SAN FRANCISCO SPIDERS vs 1 for BOISE CARIBOUS.
Shots for this period are 2 for SAN FRANCISCO SPIDERS vs 8 for BOISE CARIBOUS.


RYAN
NUGENT-HOPKINS
THATCHER
DEMKO
MITCHELL
MARNER

EAST COAST

HOCKEY LEAGUE

  • 13.MAN3PIT5
  • 14.NHW2ATL3
  • 15.PET5WOR4
  • 16.RHI30
  • 17.QUECHI
  • 18.CHALIM
  • 19.TRVLON
  • 20.CHWBAL